 Dungeon Crawl Stone Soup version 0.28-a0-1404-g4df0f3684d (webtiles) character file.

Game seed: 2108262596261427802

18 HallandMoats the Shield-Bearer (level 2, 24/24 HPs)
             Began as a Formicid Fighter on Jan 6, 2022.
             Was a Follower of Nemelex Xobeh.
             Got out of the dungeon alive.
             The game lasted 00:00:56 (706 turns).

HallandMoats the Shield-Bearer (Formicid Fighter)    Turns: 706, Time: 00:00:57

Health: 24/24      AC:  6    Str: 20    XL:     2   Next: 85%
Magic:  2/2        EV:  9    Int:  7    God:    Nemelex Xobeh [*.....]
Gold:   26         SH:  4    Dex: 10    Spells: 1/1 levels left

rFire   . . .      SeeInvis +   a - +0 war axe
rCold   . . .      Faith    .   c - +0 buckler
rNeg    . . .      Spirit   .   b - +0 scale mail
rPois   .          Reflect  .   (helmet unavailable)
rElec   .          Harm     .   (no cloak)
rCorr   .          Rampage  .   (no gloves)
Will    .....                   (no boots)
Stlth   ..........              (no amulet)
HPRegen 0.08/turn               (no ring)
MPRegen 0.08/turn               (no ring)

@: no status effects
A: permanent stasis, dig shafts and tunnels, antennae 3, four strong arms
a: Dig, Shaft Self, Renounce Religion, Draw Escape, Draw Destruction, Draw
Summoning


You escaped.
You worshipped Nemelex Xobeh.
Nemelex Xobeh was aware of your devotion.
You visited 1 branch of the dungeon, and saw 1 of its levels.

You collected 26 gold pieces.

Inventory:

Hand Weapons
 a - a +0 war axe (weapon)
Armour
 b - a +0 scale mail (worn)
 c - a +0 buckler (worn)
Jewellery
 e - a ring of wizardry
Scrolls
 f - a scroll of amnesia {unknown}
Potions
 d - a potion of might


   Skills:
 + Level 3.4 Fighting
 * Level 2.4 Axes
 + Level 3.4 Armour
 + Level 0.5 Dodging
 + Level 3.7 Shields
 + Level 0.8 Invocations


You had one spell level left.
You didn't know any spells.
Your spell library was empty.

Dungeon Overview and Level Annotations

Branches:
Dungeon (1/15)

Altars:
Nemelex Xobeh


Innate Abilities, Weirdness & Mutations

You cannot be hasted, slowed, berserked, paralysed or teleported.
You can dig through walls and to a lower floor.
You have a pair of large antennae on your head. (SInv)
Your four strong arms can wield two-handed weapons with a shield.


Message History

The bat hits you but does no damage. x2
A bat is nearby!
You closely miss the bat. The bat barely misses you. x2
A bat is nearby!
You block the bat's attack. The bat completely misses you.
The bat barely misses you.
A bat is nearby!
You barely miss the bat. The bat closely misses you.
A bat is nearby!
You miss the bat. The bat closely misses you. The bat misses you.
The bat hits you but does no damage.
A bat is nearby!
You barely miss the bat. The bat hits you but does no damage.
You block the bat's attack. The bat hits you but does no damage.
A bat is nearby!
You hit the bat but do no damage. The bat hits you but does no damage. x2
You block the bat's attack.
A bat is nearby!
You closely miss the bat. The bat closely misses you.
The bat barely misses you.
You closely miss the bat. The bat hits you but does no damage. x2
You barely miss the bat. The bat hits you but does no damage. x3
You closely miss the bat. The bat barely misses you.
The bat hits you but does no damage.
You closely miss the bat. The bat closely misses you.
The bat hits you but does no damage.
You slash the bat!
You kill the bat!
You see here a bat corpse.
There is a faded altar of an unknown god here.
You cannot tell which god this altar belongs to.
Convert to them anyway?
Nemelex Xobeh accepts your prayer! Nemelex Xobeh welcomes you!
You can now draw from decks of power.
Nemelex will now gift you decks of power as you gain piety.
You see here a rat corpse.
There is an open door here.
There is a staircase leading out of the dungeon here.
Are you sure you want to leave the Dungeon?
This will make you lose the game!
You have escaped!

######......#...#...#......#.#.##
#...#...#..#..#...#.....#...
#....#..#..#..#..#......#.##
#.....#..#.#.#..#.......#...
#..#...#.#.#.#.#...#....#.##
#...##..#.#.#.#..##.........
#.....##.#...#.##......##.#.
#.......#.....#........##.#.
#.######...@...######...†...
#.......#.....#.........#.#.
#.....##.#...#.##.......#...
#...##..#.#.#.#..##.....#.##
#..#...#.#.#.#.#...#....#...
#.....#..#.#.#..#.......#.##
#....#..#..#..#..#..........
##..#...#..#..#...#....##.##
#.....#...#...#............


There were no monsters in sight!

Vanquished Creatures
  A dart slug (D:1)
  A ball python (D:1)
  3 endoplasms (D:1)
  A hobgoblin (D:1)
  A quokka (D:1)
  3 bats (D:1)
  A frilled lizard (D:1)
  A goblin (D:1)
  A kobold (D:1)
  3 rats (D:1)
16 creatures vanquished.

Notes
Turn   | Place    | Note
-------+----------+-------------------------------------------
     0 | D:1      | HallandMoats the Formicid Fighter began the quest for the
                  | Orb.
     0 | D:1      | Reached XP level 1. HP: 18/18 MP: 1/1
   296 | D:1      | Reached XP level 2. HP: 24/24 MP: 2/2
   630 | D:1      | Found a faded altar of an unknown god.
   665 | D:1      | Prayed at the altar of an unknown god.
   665 | D:1      | Became a worshipper of Nemelex Xobeh the Trickster
   665 | D:1      | Reached * piety under Nemelex Xobeh
   706 | D:$      | Got out of the dungeon alive.

Illustrated notes

Levels and vault maps discovered:
D:1:      minmay_arrival_radiant_lines, layout_basic,
          chequers_ecumenical_altar_simple, minmay_heptomino_o4

Action                   || total
-------------------------++-------
Melee: War axe           ||    52
Armor: Scale mail        ||    38
Dodge: Dodged            ||    43
Block: Buckler           ||    11

Table legend: (Time is in decaauts)
 A = Elapsed time spent in this place.
 B = Non-inter-level travel time spent in this place.
 C = Inter-level travel time spent in this place.
 D = Time resting spent in this place.
 E = Time spent auto-exploring this place.
 F = Levels seen in this place.
 G = Mean time per level.
                   A        B        C        D        E       F      G
               +--------+--------+--------+--------+--------+-----+--------+
         Total |    727 |    688 |     39 |    241 |    308 |   1 |  727.0 |
       Dungeon |    727 |    688 |     39 |    241 |    308 |   1 |  727.0 |
               +--------+--------+--------+--------+--------+-----+--------+

Top non-repeatable levels by time:
     D:1: 727 daAuts
